 Dungeon Crawl Stone Soup version 0.31-a0-728-g01b46875f1 (webtiles) character file.

Game seed: 16777941751144449385

84 garrulousMonolith the Vexing (level 4, -4/34 HPs)
             Began as a Gnoll Hexslinger on Sept 11, 2023.
             Slain by an orc
             ... wielding a +0 flail
              (9 damage)
             ... on level 3 of the Dungeon.
             The game lasted 00:04:55 (1837 turns).

garrulousMonolith the Vexing (Gnoll Hexslinger)     Turns: 1837, Time: 00:04:55

Health: -4/34      AC:  3    Str:  7    XL:     4   Next: 46%
Magic:  8/8        EV: 13    Int: 15    God:
Gold:   90         SH:  0    Dex: 14    Spells: 4/9 levels left

rFire   . . .        b - +0 dagger (elec)
rCold   . . .        (no shield)
rNeg    . . .        c - +0 robe
rPois   .            (no helmet)
rElec   .            (no cloak)
rCorr   .            i - +0 pair of gloves
SInv    .            (no boots)
Will    .....        (no amulet)
Stlth   +            (no ring)
HPRegen 0.25/turn    (no ring)
MPRegen 0.11/turn

%: no passive effects
@: confused
A: fangs 1, strong nose, distributed training
a: no special abilities


You were on level 3 of the Dungeon.
You visited 1 branch of the dungeon, and saw 3 of its levels.

You collected 139 gold pieces.
You spent 49 gold pieces at shops.

Inventory:

Hand Weapons
 a - a +1 sling
 b - a +0 dagger of electrocution (weapon)
Missiles
 e - 2 boomerangs (quivered)
Armour
 c - a +0 robe (worn)
 i - a +0 pair of gloves (worn)
Talismans
 p - a beast talisman
Scrolls
 f - a scroll of teleportation {unknown}
 h - a scroll of fog {unknown}
 j - a scroll of poison
 l - 2 scrolls of enchant armour {unknown}
Potions
 d - 2 potions of heal wounds
 g - 2 potions of curing {unknown}
 m - a potion of brilliance {unknown}
 n - a potion of lignification {unknown}
 o - a potion of enlightenment {unknown}
 q - a potion of resistance {unknown}


   Skills:
 + Level 2.8 Fighting
 + Level 1.2 Short Blades
 + Level 1.2 Long Blades
 + Level 1.2 Axes
 + Level 1.2 Maces & Flails
 + Level 1.2 Polearms
 + Level 1.2 Staves
 + Level 4.6 Ranged Weapons
 + Level 1.2 Throwing
 + Level 1.2 Armour
 + Level 4.6 Dodging
 + Level 1.2 Stealth
 + Level 1.2 Shields
 + Level 1.2 Unarmed Combat
 + Level 3.0 Spellcasting
 + Level 1.0 Conjurations
 + Level 5.5 Hexes
 + Level 1.0 Summonings
 + Level 1.0 Necromancy
 + Level 1.0 Translocations
 + Level 1.0 Transmutations
 + Level 2.2 Fire Magic
 + Level 1.0 Ice Magic
 + Level 1.0 Air Magic
 + Level 1.0 Earth Magic
 + Level 1.0 Poison Magic
 + Level 1.3 Invocations
 + Level 1.2 Evocations
 + Level 1.1 Shapeshifting


You had 4 spell levels left.
You knew the following spells:

 Your Spells              Type           Power      Damage    Failure   Level
a - Jinxbite              Hex            36%        N/A       3%          2
b - Sigil of Binding      Hex            18%        N/A       6%          3

Your spell library contained the following spells:

 Spells                   Type           Power      Damage    Failure   Level
 Inner Flame              Hex/Fire       13%        N/A       12%         3
 Cause Fear               Hex            9%         N/A       21%         4
 Dimensional Bullseye     Hex/Tloc       6%         N/A       45%         4


Dungeon Overview and Level Annotations

Branches:
Dungeon (3/15)

Altars:
Gozag

Shops:
D:1 [

Annotations:
D:3 3 runed translucent doors, soul19's ghost, amateur GnSh


Innate Abilities, Weirdness & Mutations

You have very sharp teeth.
Your uncanny sense of smell can sniff out nearby items.
Your experience applies equally to all skills.


Message History

The orc closely misses you.
You barely miss the orc.
The orc is heavily wounded.
The orc hits you but does no damage.
You hit the orc. You bite the orc, but do no damage.
The orc is severely wounded.
The orc hits you with a +0 hand axe.
You barely miss the orc.
The orc is severely wounded.
The orc hits you but does no damage.
You hit the orc but do no damage.
The orc is severely wounded.
The orc hits you with a +0 hand axe.
You hit the orc. Your bite misses the orc.
The orc is almost dead.
The orc hits you with a +0 hand axe.
You hit the orc. Lightning courses through the orc!
You kill the orc!
Your Conjurations skill increases to level 1!
Your Summonings skill increases to level 1!
Your Necromancy skill increases to level 1!
Your Translocations skill increases to level 1!
Your Transmutations skill increases to level 1!
Your Ice Magic skill increases to level 1!
Your Air Magic skill increases to level 1!
Your Earth Magic skill increases to level 1!
Your Poison Magic skill increases to level 1!
You hear some strange, mumbled words.
A magic dart appears from out of thin air!
The magic dart hits you. The orc hits you with a +0 flail.
Things that are here:
a +0 hand axe; a +0 scale mail of fire resistance; an orc corpse You hit something but do no damage.
The orc priest invokes the aid of Beogh against you.
Beogh smites you!
* * * LOW HITPOINT WARNING * * *
You hear some strange, mumbled words.
You are confused.
The orc hits you with a +0 flail!
You die...

####...######..........##........
#..## ####.#.....###....... #.##
#.#.....# ##.....# #.# #.#######
##...## #.# #.# ##+## #.# #.# #.#
#.# #.# #.# #.# #@# ####.#
#{oo..).. .....# ########. ######


You could see an orc priest and an orc.

Vanquished Creatures
  3 adders (D:2)
  A worm (D:2)
  3 dart slugs
  2 orcs (D:3)
  3 bats
  An endoplasm (D:3)
  3 giant cockroaches
  3 hobgoblins
  4 jackals (D:3)
  4 kobolds
  2 quokkas
  5 ball pythons
  4 frilled lizards
  3 goblins
  5 rats
46 creatures vanquished.

Notes
Turn   | Place    | Note
-------+----------+-------------------------------------------
     0 | D:1      | garrulousMonolith the Gnoll Hexslinger began the quest for
                  | the Orb.
     0 | D:1      | Reached XP level 1. HP: 17/17 MP: 4/4
    61 | D:1      | Reached XP level 2. HP: 16/23 MP: 5/5
    92 | D:1      | Learned a level 2 spell: Jinxbite
   235 | D:1      | Found a faded altar of an unknown god.
   347 | D:1      | Found Wiypemuq's Armour Emporium.
   478 | D:1      | Bought a +0 pair of gloves for 49 gold pieces
   688 | D:2      | Reached XP level 3. HP: 24/28 MP: 7/7
   798 | D:2      | Learned a level 3 spell: Sigil of Binding
   918 | D:2      | Reached skill level 1 in Invocations
   949 | D:2      | Reached skill level 1 in Short Blades
   949 | D:2      | Reached skill level 1 in Long Blades
   949 | D:2      | Reached skill level 1 in Axes
   949 | D:2      | Reached skill level 1 in Maces & Flails
   949 | D:2      | Reached skill level 1 in Polearms
   949 | D:2      | Reached skill level 1 in Staves
   949 | D:2      | Reached skill level 1 in Throwing
   949 | D:2      | Reached skill level 1 in Armour
   949 | D:2      | Reached skill level 1 in Stealth
   949 | D:2      | Reached skill level 1 in Shields
   949 | D:2      | Reached skill level 1 in Unarmed Combat
   949 | D:2      | Reached skill level 1 in Evocations
  1032 | D:2      | Reached skill level 1 in Shapeshifting
  1032 | D:2      | Reached XP level 4. HP: 24/34 MP: 8/8
  1717 | D:3      | Found a runed translucent gate.
  1718 | D:3      | Found a runed translucent gate.
  1718 | D:3      | Found a runed translucent gate.
  1720 | D:3      | Found an opulent altar of Gozag.
  1722 | D:3      | Noticed soul19's ghost (amateur GnSh)
  1836 | D:3      | Reached skill level 1 in Conjurations
  1836 | D:3      | Reached skill level 1 in Summonings
  1836 | D:3      | Reached skill level 1 in Necromancy
  1836 | D:3      | Reached skill level 1 in Translocations
  1836 | D:3      | Reached skill level 1 in Transmutations
  1836 | D:3      | Reached skill level 1 in Ice Magic
  1836 | D:3      | Reached skill level 1 in Air Magic
  1836 | D:3      | Reached skill level 1 in Earth Magic
  1836 | D:3      | Reached skill level 1 in Poison Magic
  1837 | D:3      | Slain by an orc

Illustrated notes

Levels and vault maps discovered:
D:1:      psy_arrival_statuary, layout_rooms,
          shapermc_ecumenical_altar_hornbeckon, serial_shops, shop
D:2:      layout_basic, lightli_corner_chamber
D:3:      layout_loops_corners, ebering_ghost_gozag

Skill      XL: |  1  2  3  4 |
---------------+-------------+-----
Fire Magic     | 2 |  2.2
Invocations    | 1 |  1.3
Short Blades   | 1 |  1.2
Long Blades    | 1 |  1.2
Axes           | 1 |  1.2
Maces & Flails | 1 |  1.2
Polearms       | 1 |  1.2
Staves         | 1 |  1.2
Throwing       | 1 |  1.2
Armour         | 1 |  1.2
Stealth        | 1 |  1.2
Shields        | 1 |  1.2
Unarmed Combat | 1 |  1.2
Evocations     | 1 |  1.2
Shapeshifting  | 1 |  1.1
Spellcasting   | 3 |  3.0
Conjurations   | 1 |  1.0
Summonings     | 1 |  1.0
Necromancy     | 1 |  1.0
Translocations | 1 |  1.0
Transmutations | 1 |  1.0
Ice Magic      | 1 |  1.0
Air Magic      | 1 |  1.0
Earth Magic    | 1 |  1.0
Poison Magic   | 1 |  1.0
Fighting       | |  2.8
Ranged Weapons | |  4.6
Dodging        | |  4.6
Hexes          | |  5.5

Action                     |  1- 3 |  4- 6 || total
---------------------------+-------+-------++-------
  Melee: Dagger            |    19 |    23 ||    42
         Punch             |     1 |       ||     1
         Bite              |       |     3 ||     3
   Fire: Sling             |    83 |    45 ||   128
  Throw: Boomerang         |     1 |       ||     1
   Cast: Jinxbite          |     3 |       ||     3
         Sigil of Binding  |     1 |       ||     1
  Evoke: Wand              |       |     1 ||     1
    Use: Potion            |       |     1 ||     1
 Armour: Robe              |    25 |    19 ||    44
  Dodge: Dodged            |    35 |    21 ||    56

Table legend: (Time is in decaauts)
 A = Elapsed time spent in this place.
 B = Non-inter-level travel time spent in this place.
 C = Inter-level travel time spent in this place.
 D = Time resting spent in this place.
 E = Time spent auto-exploring this place.
 F = Levels seen in this place.
 G = Mean time per level.
                   A        B        C        D        E       F      G
               +--------+--------+--------+--------+--------+-----+--------+
         Total |   1860 |   1753 |    107 |    307 |   1068 |   3 |  620.0 |
       Dungeon |   1860 |   1753 |    107 |    307 |   1068 |   3 |  620.0 |
               +--------+--------+--------+--------+--------+-----+--------+

Top non-repeatable levels by time:
     D:2: 868 daAuts
     D:1: 517 daAuts
     D:3: 474 daAuts
